 Dungeon Crawl Stone Soup version 0.30-a0-462-gd5975efbca (webtiles) character file.

Game seed: 15621138985165754719

85 GiantSquids the Conjurer (level 4, 0/24 HPs)
             Began as a Deep Elf Conjurer on Dec 17, 2022.
             Slain by Sigmund
             ... wielding a +1 scythe of freezing
              (1 damage)
             ... on level 3 of the Dungeon.
             The game lasted 00:04:23 (2489 turns).

GiantSquids the Conjurer (Deep Elf Conjurer)        Turns: 2489, Time: 00:04:24

Health: 0/24       AC:  2    Str:  4    XL:     4   Next: 25%
Magic:  6/11       EV: 12    Int: 25    God:
Gold:   90         SH:  0    Dex: 13    Spells: 3/10 levels left

rFire   . . .      SeeInvis .    b - +0 dagger (speed)
rCold   . . .      Faith    .    (no shield)
rNeg    . . .      Spirit   .    a - +0 robe
rPois   .          Reflect  .    (no helmet)
rElec   .          Harm     .    (no cloak)
rCorr   .          Rampage  .    (no gloves)
Will    .....                    (no boots)
Stlth   ++........               (no amulet)
HPRegen 0.24/turn                (no ring)
MPRegen 0.12/turn                (no ring)

@: no status effects
A: no striking features
a: no special abilities


You were on level 3 of the Dungeon.
You visited 1 branch of the dungeon, and saw 3 of its levels.

You collected 90 gold pieces.

Inventory:

Hand Weapons
 b - a +0 dagger of speed (weapon)
Armour
 a - a +0 robe (worn)
Jewellery
 i - a ring of willpower
 o - a ring of ice
Scrolls
 d - 4 scrolls of identify {unknown}
 e - a scroll of fear {unknown}
 l - 2 scrolls of teleportation {unknown}
 m - 2 scrolls of magic mapping {unknown}
 n - a scroll of silence {unknown}
Potions
 c - 4 potions of mutation {unknown}
 f - 2 potions of heal wounds {unknown}
 g - a potion of berserk rage {unknown}
 h - a potion of lignification {unknown}
 j - 2 potions of flight {unknown}
 k - 5 potions of curing {unknown}
 p - a potion of degeneration {unknown}


   Skills:
 - Level 2.4 Dodging
 - Level 2.4 Stealth
 + Level 3.7 Spellcasting
 * Level 5.1 Conjurations
 * Level 2.8 Hexes
 + Level 1.4 Translocations


You had 3 spell levels left.
You knew the following spells:

 Your Spells              Type           Power      Damage    Failure   Level
a - Magic Dart            Conj           100%       1d8       1%          1
b - Searing Ray           Conj           60%        2d6       1%          2
c - Iskenderun's Mystic   Conj/Tloc      21%        2d6       24%         4

Your spell library contained the following spells:

 Spells                   Type           Power      Damage    Failure   Level
 Slow                     Hex            76%        N/A       3%          1
 Dazzling Flash           Conj/Hex       48%        N/A       5%          3
 Confusing Touch          Hex            19%        N/A       9%          3
 Hailstorm                Conj/Ice       17%        3d6       10%         3
 Vampiric Draining        Necr           4%         2d6       28%         3
 Fulminant Prism          Conj/Hex       12%        3d8       19%         4
 Ice Form                 Ice/Tmut       4%         N/A       67%         4
 Summon Ice Beast         Ice/Summ       4%         N/A       67%         4
 Summon Mana Viper        Hex/Summ       11%        N/A       82%         5
 Simulacrum               Ice/Necr       2%         N/A       100%        6
 Monstrous Menagerie      Summ           2%         N/A       100%        7


Dungeon Overview and Level Annotations

Branches:
Dungeon (3/15)

Altars:

Annotations:
D:3 Sigmund


Message History

There is a faded altar of an unknown god here.
This altar belongs to (a) Elyvilon, (b) Zin or (c) Gozag, but you can't tell which.
Press the corresponding letter to learn more about a god, or press enter to convert or escape to cancel.
Okay, then.
There is an open door here.
The endoplasm quivers.
The magic dart hits the endoplasm.
You kill the endoplasm!
You can't see any susceptible monsters within range! (Use Z to cast anyway.)
Found an escape hatch in the floor.
Sigmund the Dreaded comes into view.
He is wielding a +1 scythe of freezing.
Sigmund is nearby!
The magic dart hits Sigmund.
Sigmund is lightly wounded.
Sigmund shouts!
Sigmund gestures wildly while chanting.
Sigmund flickers and vanishes!
Deactivating autopickup; reactivate with Ctrl-A.
Casting: Magic Dart (safe; 1% risk of failure)
Confirm with . or Enter, or press ? or * to list all spells.
You can't see any susceptible monsters within range! (Use Z to cast anyway.) Unknown command.
There is an open door here.
Casting: Magic Dart (safe; 1% risk of failure)
Confirm with . or Enter, or press ? or * to list all spells.
You can't see any susceptible monsters within range! (Use Z to cast anyway.) Unknown command.
Casting: Magic Dart (safe; 1% risk of failure)
Confirm with . or Enter, or press ? or * to list all spells.
Aiming: Searing Ray (safe; 1% risk of failure)
Press: ? - help, Shift-Dir - straight line The searing ray hits something! (Press . to maintain the ray.)
Something hits you! Something freezes you. Something hits you.
Something freezes you.
The searing ray hits something!
You finish channelling your searing ray.
Something hits you!
* * * LOW HITPOINT WARNING * * *
Something freezes you.
You die...

#....# #....#....#
#....# #..#####..#
#....# #....#....#
#...(# #....#....#
#....# #.###_###.#
#....# #....#....#
#....# #....#....#
#....# #..#####..#
#....# #....#.@..#
#....# #####{#####
##.######....# ##
#........#.##
.###.########{#
.'...............{..#
.###>........#......#
## #########. ......#
## ......#


There were no monsters in sight!

Vanquished Creatures
  2 adders (D:2)
  2 worms (D:2)
  A dart slug (D:2)
  10 bats
  10 endoplasms
  A giant cockroach (D:2)
  7 goblins
  A hobgoblin (D:2)
  7 kobolds (D:2)
  2 quokkas
  7 ball pythons
  5 frilled lizards
  4 rats
59 creatures vanquished.

Notes
Turn   | Place    | Note
-------+----------+-------------------------------------------
     0 | D:1      | GiantSquids the Deep Elf Conjurer began the quest for the
                  | Orb.
     0 | D:1      | Reached XP level 1. HP: 10/10 MP: 6/6
     0 | D:1      | Noticed a felid
     1 | D:1      | Noticed a gargoyle
     2 | D:1      | Noticed a dwarf
     6 | D:1      | Noticed an elf
     7 | D:1      | Noticed a gargoyle
     8 | D:1      | Noticed a felid
     9 | D:1      | Noticed a spriggan
    11 | D:1      | Noticed a gargoyle
    11 | D:1      | Noticed a formicid
    13 | D:1      | Noticed a tengu
    13 | D:1      | Noticed a troll
    15 | D:1      | Noticed a minotaur
    15 | D:1      | Noticed a minotaur
    17 | D:1      | Noticed a felid
    19 | D:1      | Noticed a tengu
    21 | D:1      | Noticed a gargoyle
   189 | D:1      | Reached skill level 1 in Hexes
   260 | D:1      | Reached XP level 2. HP: 15/15 MP: 6/8
  1072 | D:2      | Learned a level 2 spell: Searing Ray
  1152 | D:2      | Reached XP level 3. HP: 19/19 MP: 6/9
  1206 | D:2      | Reached skill level 1 in Translocations
  1459 | D:2      | Reached skill level 5 in Conjurations
  1584 | D:2      | Reached XP level 4. HP: 24/24 MP: 8/11
  1715 | D:2      | Learned a level 4 spell: Iskenderun's Mystic Blast
  2435 | D:3      | Found a faded altar of an unknown god.
  2476 | D:3      | Noticed Sigmund
  2489 | D:3      | HP: 1/24 [something (9)]
  2489 | D:3      | Slain by Sigmund

Illustrated notes

Levels and vault maps discovered:
D:1:      shiori_arrival_whats_in_store_for_you, layout_loops_ring,
          minmay_tromino_mix6
D:2:      minmay_recursive_quarters, layout_loops_ring, minivault_27
D:3:      layout_basic, lemuel_doored_altar,
          shapermc_ecumenical_altar_notcrosses, uniq_sigmund

Skill      XL: |  1  2  3 |
---------------+----------+-----
Hexes          | 1 2 |  2.8
Translocations | 1 |  1.4
Conjurations   | 5 |  5.1
Dodging        | |  2.4
Stealth        | |  2.4
Spellcasting   | |  3.7

Action                   |  1- 3 |  4- 6 || total
-------------------------+-------+-------++-------
Melee: Unarmed           |     8 |       ||     8
       Dagger            |       |    12 ||    12
 Cast: Magic Dart        |    71 |    27 ||    98
       Searing Ray       |     6 |     2 ||     8
  Use: Potion            |     1 |       ||     1
Armor: Robe              |     5 |       ||     5
Dodge: Dodged            |    13 |    11 ||    24

Table legend: (Time is in decaauts)
 A = Elapsed time spent in this place.
 B = Non-inter-level travel time spent in this place.
 C = Inter-level travel time spent in this place.
 D = Time resting spent in this place.
 E = Time spent auto-exploring this place.
 F = Levels seen in this place.
 G = Mean time per level.
                   A        B        C        D        E       F      G
               +--------+--------+--------+--------+--------+-----+--------+
         Total |   2483 |   2434 |     49 |     82 |   2057 |   3 |  827.7 |
       Dungeon |   2483 |   2434 |     49 |     82 |   2057 |   3 |  827.7 |
               +--------+--------+--------+--------+--------+-----+--------+

Top non-repeatable levels by time:
     D:2: 1310 daAuts
     D:1: 1055 daAuts
     D:3: 117 daAuts
